 Dungeon Crawl Stone Soup version 0.27.1-33-g824d729ab1 (webtiles) character file.

Game seed: 12655623094598140971

42648 sking99 the Brawler (level 13, -2/121 HPs)
             Began as a Troll Monk on Dec 8, 2021.
             Was an Elder of Hepliaklqana.
             Slain by a dire elephant simulacrum (42 damage)
             ... in an ice cave.
             The game lasted 00:33:05 (11964 turns).

sking99 the Brawler (Troll Monk)                   Turns: 11964, Time: 00:33:05

Health: -2/121     AC: 13    Str: 26    XL:     13   Next: 86%
Magic:  15/15      EV: 11    Int:  6    God:    Hepliaklqana [****..]
Gold:   977        SH: 15    Dex: 12    Spells: 12/12 levels left

rFire    . . .     SeeInvis .     - Unarmed
rCold    . . .     Faith    .   E - +0 tower shield
rNeg     . . .     Spirit   .   y - +1 troll leather armour
rPois    .         Reflect  .   (helmet restricted)
rElec    .         Harm     .   r - +0 cloak
rCorr    .         Rampage  .   (gloves unavailable)
Will     .....                  (boots unavailable)
Stlth    +.........             n - amulet of regeneration
HPRegen  3.30/turn              F - +4 ring of protection
MPRegen  0.14/turn              A - +4 ring of evasion

@: no status effects
A: reduced essence, large, unfitting armour, claws 3, regeneration 1, shaggy fur
1, tough skin 1
a: Renounce Religion, Recall Ancestor, Ancestor Identity, Transference, Idealise


You were in an ice cave.
You worshipped Hepliaklqana.
Hepliaklqana was greatly pleased with you.
You visited 3 branches of the dungeon, and saw 18 of its levels.
You also visited: Ice Cave.

You collected 977 gold pieces.

Inventory:

Missiles
 m - 4 large rocks (quivered)
 x - 3 throwing nets
Armour
 r - a +0 cloak (worn)
 y - a +1 troll leather armour (worn)
 E - a +0 tower shield (worn)
Jewellery
 e - an amulet of the acrobat
 n - an amulet of regeneration (around neck)
 t - a ring of willpower
 z - a ring of protection from fire
 A - a +4 ring of evasion (right claw)
 F - a +4 ring of protection (left claw)
 G - a ring of poison resistance
Wands
 a - a wand of digging (4)
 u - a wand of acid (15)
 C - a wand of flame (25)
 I - a wand of iceblast (8)
 J - a wand of paralysis (9)
Scrolls
 b - 3 scrolls of enchant weapon
 c - 4 scrolls of teleportation
 h - a scroll of enchant armour
 j - 2 scrolls of fear
 o - 2 scrolls of brand weapon
 p - 5 scrolls of amnesia
 s - a scroll of identify
 B - a scroll of immolation {unknown}
Potions
 d - 7 potions of curing
 f - a potion of flight
 g - a potion of might
 i - a potion of degeneration {unknown}
 k - a potion of heal wounds {unknown}
 l - a potion of cancellation
 q - a potion of invisibility
 v - 2 potions of ambrosia {unknown}
 w - 3 potions of haste
 D - a potion of berserk rage {unknown}
 H - 2 potions of brilliance {unknown}


   Skills:
 - Level 10.6 Fighting
 - Level 4.7 Armour
 - Level 5.2 Dodging
 - Level 1.0 Stealth
 * Level 4.6 Shields
 + Level 17.0 Unarmed Combat
 - Level 5.0 Invocations


You had 12 spell levels left.
You didn't know any spells.
Your spell library contained the following spells:

 Spells                   Type           Power      Damage    Failure   Level
 Animate Skeleton         Necr           0%         N/A       99%         1
 Apportation              Tloc           0%         N/A       99%         1
 Pain                     Necr           0%         1d4       99%         1
 Gell's Gravitas          Tloc           0%         N/A       100%        3
 Lesser Beckoning         Tloc           0%         N/A       100%        3
 Ozocubu's Armour         Ice            0%         N/A       100%        3
 Teleport Other           Tloc           0%         N/A       100%        3
 Vampiric Draining        Necr           0%         2d6       100%        3
 Animate Dead             Necr           0%         N/A       100%        4
 Alistair's Intoxication  Tmut/Pois      0%         N/A       100%        5
 Invisibility             Hex            0%         N/A       100%        6
 Haunt                    Necr/Summ      0%         N/A       100%        7
 Ozocubu's Refrigeration  Ice            0%         4d5       100%        7
 Infestation              Necr           0%         N/A       100%        8


Dungeon Overview and Level Annotations

Branches:
Dungeon (12/15)            Temple (1/1) D:4            Lair (5/6) D:9
  Swamp (0/4) Lair:2       Spider (0/4) Lair:3        IceCv (1/1)
  Slime: Lair:5-6       Orc: D:9-12

Altars:
Ashenzari
Cheibriados
Dithmenos
Elyvilon
Fedhas
Gozag
Hepliaklqana
Kikubaaqudgha
Makhleb
Nemelex Xobeh
Okawaru
Qazlal
Ru
Sif Muna
Trog
Uskayaw
Vehumet
Wu Jian
Xom
Yredelemnul
Zin
The Shining One

Annotations:
D:8 2 transporters, Garym's ghost, novice MiFi
D:10 2 transporters


Innate Abilities, Weirdness & Mutations

Your life essence is reduced to manifest your ancestor. (-10% HP)
You are too large for most types of armour.
You have claws for hands.
Your natural rate of healing is unusually fast.
You are covered in fur. (AC +1)
You have tough skin. (AC +1)


Message History

The entropy weaver simulacrum freezes you!!
The entropy weaver simulacrum closely misses you.
The entropy weaver simulacrum hits you.
The entropy weaver simulacrum freezes you!!
You block the entropy weaver simulacrum's attack.
You mangle the entropy weaver simulacrum!!
The entropy weaver simulacrum is severely damaged.
Nebetia hits the entropy weaver simulacrum with a +0 dagger of draining!
The entropy weaver simulacrum hits Nebetia.
The entropy weaver simulacrum freezes Nebetia!
Nebetia resists.
The entropy weaver simulacrum hits Nebetia!
The entropy weaver simulacrum freezes Nebetia!
Nebetia resists.
The entropy weaver simulacrum closely misses Nebetia.
The entropy weaver simulacrum completely misses Nebetia.
You catch the helpless entropy weaver simulacrum completely off-guard!
You eviscerate the entropy weaver simulacrum!!!
The entropy weaver simulacrum vaporises!
Nebetia hits the dire elephant simulacrum but does no damage.
You claw the dire elephant simulacrum!
The dire elephant simulacrum is moderately damaged.
You block the dire elephant simulacrum's attack.
The dire elephant simulacrum trunk-slaps you.
The dire elephant simulacrum freezes you!!
* * * LOW HITPOINT WARNING * * *
Nebetia hits the dire elephant simulacrum with a +0 dagger of draining.
You scratch the dire elephant simulacrum.
The dire elephant simulacrum is heavily damaged.
Nebetia hits the dire elephant simulacrum but does no damage.
The dire elephant simulacrum barely misses Nebetia.
The dire elephant simulacrum trunk-slaps Nebetia.
The dire elephant simulacrum freezes Nebetia!
Nebetia resists.
Nebetia is destroyed!
You claw the dire elephant simulacrum!
The dire elephant simulacrum is severely damaged.
The dire elephant simulacrum tramples you.
The dire elephant simulacrum freezes you!!!
You die...

# #.# §☼.. ## §
...#. §
#..##### §
###....### §
###....#..@# #
##.....####Z.#
###.....## #..#
##....#### ..##
##....## ⌠..
##...### ).[#
#..#########
####
##...##....###
####....#...###


You could see a dire elephant simulacrum.

Vanquished Creatures
  5 hydras
  Harold (D:7)
  A two-headed ogre (D:10)
  Urug (D:11)
  7 death yaks
  Nergalle (Lair:1)
  A deep elf pyromancer (D:10)
  2 black mambas
  An ice statue (IceCv)
  2 rime drakes
  6 cane toads
  An entropy weaver simulacrum (IceCv)
  A torpor snail (Lair:4)
  8 komodo dragons
  An ice devil (IceCv)
  An anaconda simulacrum (IceCv)
  A troll (D:7)
  A tyrant leech (Lair:2)
  3 dream sheep (Lair:4)
  11 blink frogs
  10 wyverns
  2 wraiths (D:10)
  2 basilisks
  45 yaks
  2 death yak simulacra (IceCv)
  4 vampire mosquitoes (D:10)
  3 swamp worms (Lair:2)
  An acid dragon (D:10)
  12 water moccasins
  Duvessa (D:4)
  2 sky beasts (D:7)
  3 ice beasts
  4 orc warriors
  A black bear (Lair:4)
  3 necrophages
  8 wolves
  A centaur (D:9)
  A phantom (D:5)
  A lemure (D:8)
  5 bullfrogs
  A kobold brigand (D:11)
  2 gnoll sergeants
  6 two-headed ogre simulacra (IceCv)
  4 scorpions
  Dowan (D:4)
  A water moccasin skeleton (D:6)
  An elephant simulacrum (IceCv)
  3 killer bees
  9 wights
  An electric eel (D:6)
  A hexer (Lair:2)
  5 orc priests
  2 hounds (D:5)
  A centaur skeleton (D:4)
  2 iguanas
  8 orc wizards
  6 hell rats
  3 polar bear simulacra (IceCv)
  5 troll simulacra (IceCv)
  4 spriggan simulacra (IceCv)
  A killer bee zombie (D:8)
  A hound skeleton (D:4)
  A howler monkey zombie (D:10)
  8 gnolls
  5 naga simulacra (IceCv)
  2 adders
  A shadow imp (D:8)
  13 white imps
  5 ufetubi
  An adder skeleton (D:5)
  3 worms (Lair:3)
  2 dart slugs (D:1)
  24 orcs
  3 ball pythons (D:2)
  6 bats
  7 endoplasms
  A giant cockroach (Lair:3)
  4 goblins
  A hobgoblin (D:1)
  9 jackals
  6 kobolds
  4 quokkas
  A frilled lizard (D:1)
  3 rats
345 creatures vanquished.

Vanquished Creatures (collateral kills)
  2 hydras
  3 two-headed ogres
  Pikel (D:8)
  A rime drake (Lair:1)
  An anaconda simulacrum (IceCv)
  A komodo dragon (Lair:4)
  A polar bear (Lair:3)
  2 blink frogs
  A dream sheep (Lair:4)
  5 yaks
  2 wyverns
  A water moccasin (D:9)
  A necrophage (D:6)
  4 bullfrogs
  A two-headed ogre simulacrum (IceCv)
  3 killer bees
  A water moccasin skeleton (D:6)
  An electric eel (Lair:3)
  A spriggan simulacrum (IceCv)
  A wolf simulacrum (IceCv)
  A shadow imp (D:8)
  4 white imps
  4 orcs
  A giant cockroach (Lair:3)
  A butterfly (Lair:4)
45 creatures vanquished.

Vanquished Creatures (others)
  9 hexers
  2 bushes (D:9)
  12 fungi
  29 plants
52 creatures vanquished.

Grand Total: 442 creatures vanquished

Notes
Turn   | Place    | Note
-------+----------+-------------------------------------------
     0 | D:1      | sking99 the Troll Monk began the quest for the Orb.
     0 | D:1      | Reached XP level 1. HP: 22/22 MP: 0/0
   170 | D:1      | Reached XP level 2. HP: 29/29 MP: 1/1
   184 | D:1      | Found a faded altar of an unknown god.
  1101 | D:2      | Reached XP level 3. HP: 36/36 MP: 2/2
  1623 | D:3      | Found a radiant altar of Vehumet.
  1855 | D:3      | Reached skill level 4 in Unarmed Combat
  2071 | D:3      | Found a white marble altar of Elyvilon.
  2125 | D:3      | Found a blossoming altar of Fedhas.
  2368 | D:4      | Reached XP level 4. HP: 42/45 MP: 3/3
  2559 | D:4      | Noticed a necrophage
  2567 | D:4      | Killed a necrophage
  2568 | D:4      | Reached XP level 5. HP: 47/53 MP: 4/4
  2587 | D:4      | Found a staircase to the Ecumenical Temple.
  2602 | Temple   | Entered the Ecumenical Temple
  2703 | Temple   | Became a worshipper of Hepliaklqana the Forgotten
  2703 | Temple   | Reached * piety under Hepliaklqana
  2703 | Temple   | Reached ** piety under Hepliaklqana
  2704 | Temple   | Remembered your ancestor Nebetia as a hexer
  2755 | D:4      | Noticed Dowan
  2756 | D:4      | Noticed Duvessa
  2769 | D:4      | Killed Duvessa
  2770 | D:4      | Reached skill level 5 in Unarmed Combat
  2770 | D:4      | Reached XP level 6. HP: 54/54 MP: 5/5
  2772 | D:4      | Killed Dowan
  3345 | D:5      | Entered Level 5 of the Dungeon
  3391 | D:5      | Found a glowing silver altar of Zin.
  3433 | D:5      | Found a basalt altar of Yredelemnul.
  3507 | D:5      | Noticed a wyvern
  3516 | D:5      | Killed a wyvern
  3517 | D:5      | Reached skill level 6 in Unarmed Combat
  3517 | D:5      | Reached XP level 7. HP: 49/63 MP: 6/6
  3748 | D:5      | Found an ancient bone altar of Kikubaaqudgha.
  3932 | D:5      | Found a sacrificial altar of Ru.
  4030 | D:5      | Reached *** piety under Hepliaklqana
  4192 | D:5      | Reached skill level 7 in Unarmed Combat
  4279 | D:6      | Reached XP level 8. HP: 65/71 MP: 7/7
  5116 | D:7      | Reached skill level 5 in Fighting
  5116 | D:7      | Reached skill level 8 in Unarmed Combat
  5123 | D:7      | Reached skill level 5 in Dodging
  5174 | D:7      | Noticed Harold
  5191 | D:7      | Killed Harold
  5192 | D:7      | Reached skill level 9 in Unarmed Combat
  5192 | D:7      | Reached XP level 9. HP: 64/80 MP: 7/9
  5413 | D:7      | HP: 3/75 [wight (1)]
  5507 | D:7      | Noticed a troll
  5514 | D:7      | Killed a troll
  5754 | D:8      | Reached skill level 10 in Unarmed Combat
  5780 | D:8      | Noticed a skeletal warrior
  5781 | D:8      | Found a transporter.
  5781 | D:8      | Noticed Garym's ghost (novice MiFi)
  5803 | D:8      | Reached XP level 10. HP: 90/90 MP: 10/12
  5826 | D:8      | Found a burning altar of Makhleb.
  5875 | D:8      | Reached skill level 11 in Unarmed Combat
  5910 | D:8      | Noticed Pikel
  5911 | D:8      | Reached **** piety under Hepliaklqana
  5919 | D:8      | Killed Pikel
  6154 | D:8      | Found an ornate altar of the Wu Jian Council.
  6204 | D:8      | Found a transporter.
  6566 | D:9      | You fall into a shaft and drop 3 floors!
  6613 | D:11     | Noticed Urug
  6623 | D:11     | Killed Urug
  6624 | D:11     | Reached skill level 5 in Invocations
  6641 | D:11     | Noticed a two-headed ogre
  6653 | D:11     | Killed a two-headed ogre
  6654 | D:11     | Reached skill level 12 in Unarmed Combat
  6704 | D:10     | Entered Level 10 of the Dungeon
  6704 | D:10     | Noticed a two-headed ogre
  6770 | D:9      | Reached XP level 11. HP: 92/99 MP: 11/13
  6870 | D:9      | Found a hide-covered altar of Uskayaw.
  6871 | D:9      | Noticed a two-headed ogre
  6883 | D:9      | Killed a two-headed ogre
  6903 | D:9      | Reached skill level 13 in Unarmed Combat
  6997 | D:9      | Found a staircase to the Lair.
  7325 | D:10     | Found a transporter.
  7393 | D:10     | Killed a two-headed ogre
  7505 | D:10     | Noticed a deep elf pyromancer
  7512 | D:10     | Killed a deep elf pyromancer
  7558 | D:10     | Found an iron altar of Okawaru.
  7627 | D:10     | Found a transporter.
  7785 | D:10     | Noticed a two-headed ogre
  7792 | D:10     | Killed a two-headed ogre
  7793 | D:10     | Reached skill level 14 in Unarmed Combat
  8033 | Lair:1   | Entered Level 1 of the Lair of Beasts
  8043 | Lair:1   | Noticed a four-headed hydra
  8066 | Lair:1   | Killed a four-headed hydra
  8269 | Lair:1   | Noticed a five-headed hydra
  8350 | Lair:1   | Killed a seven-headed hydra
  8351 | Lair:1   | Reached XP level 12. HP: 87/110 MP: 14/14
  8568 | Lair:1   | Reached skill level 15 in Unarmed Combat
  9113 | Lair:2   | Noticed an eight-headed hydra
  9174 | Lair:2   | Noticed Nergalle
  9183 | Lair:1   | Killed Nergalle
  9184 | Lair:1   | Reached skill level 1 in Armour
  9531 | Lair:2   | Noticed a seven-headed hydra
  9538 | Lair:2   | Killed a nine-headed hydra
  9539 | Lair:2   | Reached skill level 10 in Fighting
  9576 | Lair:2   | Found a staircase to the Swamp.
  9692 | Lair:2   | Killed an 11-headed hydra
  9952 | Lair:2   | Reached skill level 16 in Unarmed Combat
 10004 | Lair:3   | Reached XP level 13. HP: 119/119 MP: 15/15
 10040 | Lair:3   | Found a hole to the Spider Nest.
 11292 | Lair:5   | Reached skill level 1 in Shields
 11541 | Lair:5   | Found a frozen archway.
 11574 | IceCv    | Entered an ice cave
 11895 | IceCv    | Reached skill level 17 in Unarmed Combat
 11964 | IceCv    | Slain by a dire elephant simulacrum

Illustrated notes

Levels and vault maps discovered:
D:1:      giann_wishing_wells, layout_basic, shapermc_ecumenical_altar_venn,
          corexii_leaking_fountain
D:2:      layout_loops_ring
D:3:      layout_basic, nicolae_overflow_crystal_walls, elyvilon_altar_4,
          mainiacjoe_overflow_paths
D:4:      layout_basic, minmay_temple_entry_mist, serial_corexii_hall,
          corexii_hall_statues_x, corexii_hall_statues_l, minmay_statues_item,
          uniq_duvessa
D:5:      layout_gridville, nicolae_ru_awakened_eye, kiku_gazebo_pond_becter,
          kennysheep_mini_moat, mainiacjoe_overflow_catwalk,
          kennysheep_generic_room_11
D:6:      layout_basic, water_maze_lemuel
D:7:      layout_cave_pools, uniq_harold
D:8:      layout_basic, lemuel_crystal_altar, marbit_many_paths,
          gammafunk_ghost_arena, uniq_pikel
D:9:      layout_layer_cave, mainiacjoe_overflow_boulevard,
          minmay_lair_entry_grove
D:10:     gammafunk_worm_tunnel, layout_loops_ring, overflow_temple_1_default
D:11:     gammafunk_boulding_lane, layout_loops_ring, uniq_urug
D:12:     layout_roguey [special_room_bee], hiddenorc2_lemuel, uniq_maurice,
          uniq_sonja
Temple:   jpeg_temple_clearing
Lair:1:   layout_gridlike, st_stairs_12, grunt_megastairs_4
Lair:2:   layout_cave_shapes, palyth_hydra_swamp_entry, uniq_nergalle
Lair:3:   layout_cave_shapes, nicolae_spider_entry_non_spiders,
          serial_bayou_ford_a, grunt_megastairs_2
Lair:4:   layout_regular_city, grunt_megastairs_3, infiniplex_staircase_pool_2,
          lemuel_fruit_fields
Lair:5:   layout_cave_pods, slime_altar_1, portal_ice_cave_entry_imps,
          chequers_serial_rivers_micro_d
IceCv:    ice_cave_caverns_01

Skill      XL: |  1  2  3  4  5  6  7  8  9 10 11 12 13 |
---------------+----------------------------------------+-----
Unarmed Combat | 4 5 6 7 9 10 12 14 16 17 | 17.0
Fighting       | 3 4 5 6 7 9 10 | 10.6
Dodging        | 3 4 5 |  5.2
Invocations    | 2 4 5 |  5.0
Armour         | 3 4 |  4.7
Shields        | 4 |  4.6
Stealth        | |  1.0

Action                   |  1- 3 |  4- 6 |  7- 9 | 10-12 | 13-15 || total
-------------------------+-------+-------+-------+-------+-------++-------
Melee: Unarmed           |    88 |    52 |   137 |   460 |   284 ||  1021
       Punch             |     1 |       |     8 |    28 |     9 ||    46
Invok: Ancestor Life: He |       |     1 |       |       |       ||     1
       Ancestor Identity |       |     1 |       |       |       ||     1
       Recall Ancestor   |       |       |       |     6 |       ||     6
       Transference      |       |       |       |     2 |       ||     2
       Idealise          |       |       |       |     4 |     1 ||     5
Evoke: Wand              |       |       |       |       |     9 ||     9
  Use: Scroll            |       |       |       |    15 |     1 ||    16
       Potion            |       |       |       |     1 |       ||     1
 Stab: Sleeping          |     3 |       |     1 |     2 |       ||     6
       Distracted        |       |     1 |     2 |     4 |     5 ||    12
       Confused          |       |       |       |     2 |     5 ||     7
       Invisible         |       |       |       |     2 |       ||     2
Armor: Robe              |    36 |    26 |    11 |       |       ||    73
       Troll leather arm |       |       |     3 |   149 |    78 ||   230
Dodge: Dodged            |    49 |    38 |    48 |   339 |   131 ||   605
Block: Tower shield      |       |       |       |       |   121 ||   121
